 Dungeon Crawl Stone Soup version 0.31.0-1-g2c135a0 (webtiles) character file.

Game seed: 17676848312821323613

64 NecromancerRaven the Trooper (level 4, 0/44 HPs)
             Began as a Naga Berserker on Feb 12, 2024.
             Was a Believer of Trog.
             Slain by a gnoll
             ... wielding a +0 spear
              (7 damage)
             ... on level 2 of the Dungeon.
             The game lasted 00:15:38 (2391 turns).

NecromancerRaven the Trooper (Naga Berserker)       Turns: 2391, Time: 00:15:39

Health: 0/44       AC:  6    Str: 22    XL:     4   Next: 12%
Magic:  4/4        EV:  6    Int:  7    God:    Trog [**....]
Gold:   82         SH:  0    Dex: 10    Spells: 3/3 levels left

rFire   . . .        a - +0 spear
rCold   . . .        (no shield)
rNeg    . . .        i - +0 chain mail
rPois   +            (no helmet)
rElec   .            (no cloak)
rCorr   .            (no gloves)
SInv    +            (no barding)
Will    .....        (no amulet) Stlth
                     h - ring of flight
HPRegen 0.27/turn    (no ring)
MPRegen 0.09/turn

%: no passive effects
@: flying, very slow
A: AC +1, large, see invisible, deformed body, poison resistance, slowness 2,
spit poison 1, naga tail 1
a: Spit Poison, Renounce Religion, Berserk, Trog's Hand


You were on level 2 of the Dungeon.
You worshipped Trog.
Trog was pleased with you.
You visited 1 branch of the dungeon, and saw 2 of its levels.

You collected 82 gold pieces.

Inventory:

Hand Weapons
 a - a +0 spear (weapon)
 e - a +0 short sword
 f - a +0 dagger
 n - a +0 sling
Missiles
 d - 8 stones
 g - 5 poisoned darts
Armour
 b - a +0 animal skin
 c - a +0 robe
 i - a +0 chain mail (worn)
Jewellery
 h - a ring of flight (left hand)
Scrolls
 j - a scroll of teleportation {unknown}
 k - a scroll of blinking {unknown}
 m - a scroll of revelation {unknown}
Potions
 l - a potion of curing {unknown}


   Skills:
 + Level 3.7 Fighting
 + Level 3.7 Polearms
 + Level 2.0 Armour
 + Level 1.9 Dodging


You had 3 spell levels left.
You didn't know any spells.
Your spell library contained the following spells:

 Spells                   Type           Power      Damage    Failure   Level
 Apportation              Tloc           0%         N/A       97%         1
 Necrotise                Necr           0%         1d4       97%         1
 Sting                    Conj/Alch      0%         1d3       97%         1
 Summon Small Mammal      Summ           0%         N/A       97%         1
 Scorch                   Fire           0%         2d5       99%         2
 Flame Wave               Conj/Fire      0%         2d4       100%        4
 Summon Cactus Giant      Summ           0%         N/A       100%        6


Dungeon Overview and Level Annotations

Branches:
Dungeon (2/15)

Altars:

Shops:
D:1 (?:**


Innate Abilities, Weirdness & Mutations

Your serpentine skin is tough. (AC +1)
You have supernaturally acute eyesight. (SInv)
Armour fits poorly on your strangely shaped body.
Your system is resistant to poisons. (rPois)
You cover ground very slowly.
You can spit poison.
You have a snake-like lower body.


Message History

Your Armour skill increases to level 2!
You have reached level 4!
You feel stronger.
Unknown command.
You feel sick.
You feel sick.
You feel sick.
You are no longer poisoned.
You start resting.
HP restored.
You reach down and open the door.
There is an open door here.
There is an open door here.
A gnoll comes into view. It is wielding a +0 spear.
The gnoll shouts!
You hear a shout!
A gnoll comes into view. It is wielding a +1 heavy spear.
A gnoll comes into view. It is wielding a +0 spear.
There are monsters nearby!
The gnoll hits you from afar with a +0 spear.
The gnoll completely misses you.
You hit the gnoll.
The gnoll is lightly wounded.
The gnoll hits you but does no damage.
The gnoll hits you from afar with a +0 spear.
The gnoll hits you with a +1 heavy spear.
You barely miss the gnoll.
The gnoll is lightly wounded.
The gnoll hits you from afar with a +0 spear. x2
You closely miss the gnoll.
The gnoll is lightly wounded.
The gnoll hits you with a +1 heavy spear.
The gnoll hits you from afar with a +0 spear. x2
You hit the gnoll but do no damage.
The gnoll is lightly wounded.
The gnoll hits you from afar with a +0 spear.
The gnoll hits you but does no damage.
The gnoll hits you with a +1 heavy spear!
* * * LOW HITPOINT WARNING * * *
The gnoll hits you from afar with a +0 spear!
You die...

###.####.......#
##......##
................#
##....##
.........##......####
######
.....................
.........##......#.#
........ #......#.#
...... #......#.# .
######
#......#.#####.. ..#
###...@.g....... ..#
#.....g....... ..#
#.....g....... ..#
#............. ..#
#............. ..#
#####.............
..#
..................
..#
.###..............
..# #..............


You could see 3 gnolls.

Vanquished Creatures
  An adder (D:2)
  2 endoplasms (D:1)
  14 giant cockroaches
  3 hobgoblins
  4 jackals (D:1)
  4 ball pythons
  5 bats
  A frilled lizard (D:2)
  5 goblins
  2 kobolds (D:1)
  4 rats
45 creatures vanquished.

Notes
Turn   | Place    | Note
-------+----------+-------------------------------------------
     0 | D:1      | NecromancerRaven the Naga Berserker began the quest for the
                  | Orb.
     0 | D:1      | Reached XP level 1. HP: 21/21 MP: 1/1
   129 | D:1      | Found Qyont's Antique Weapon Shop.
   227 | D:1      | Reached XP level 2. HP: 14/28 MP: 2/2
   307 | D:1      | Found Arauliwimo's Assorted Antiques.
   615 | D:1      | Found Ezyas's Assorted Antiques.
  1025 | D:1      | Found a faded altar of an unknown god.
  1028 | D:1      | Reached XP level 3. HP: 34/34 MP: 3/3
  1029 | D:1      | Found Fashom's Magic Scroll Emporium.
  1031 | D:1      | Found Xutyken's Book Emporium.
  1534 | D:2      | Reached ** piety under Trog
  2234 | D:2      | Reached XP level 4. HP: 35/44 MP: 4/4
  2391 | D:2      | Slain by a gnoll

Illustrated notes

Levels and vault maps discovered:
D:1:      shiori_arrival_oz, layout_loops_corners,
          hellmonk_ecumenical_altar_arch_garden, serial_shops, shop, shop, shop,
          shop, nicolae_shop_stone, minivault_27
D:2:      minmay_roachtagon, layout_basic

Skill      XL: |  1  2  3 |
---------------+----------+-----
Armour         | 2 |  2.0
Fighting       | |  3.7
Polearms       | |  3.7
Dodging        | |  1.9

Action                     |  1- 3 |  4- 6 || total
---------------------------+-------+-------++-------
  Melee: Spear             |   179 |     4 ||   183
         Punch             |     1 |       ||     1
 Armour: Animal skin       |    33 |       ||    33
         Robe              |    42 |       ||    42
         Chain mail        |   126 |    13 ||   139
  Dodge: Dodged            |    88 |     1 ||    89
